Unix NetHack Version 5.0.0-0 post-release - last build May 23 2026 06:08:33 (1c0ff79ee797540d5714e4e18072db0edd9e58ae,branch:main).

Game began 2026-05-25 16:08:50, ended 2026-05-25 16:50:57.

Atomicjoy, chaotic male elven Wizard

               --------------------------------
               |..............................|
               |.------|-....----.{..------+-.|#
               |.-...|..|..).|!!|....|]((|  |..##
               |.|...|.{|....|[!|....|(!(|  |.|###
               |.|-------....|..|....|...|  |.|# Pk
               |.|....|......-|--....-|--|--|.|   @
               |.|....-.--|-...).........|..|.|   ##f#
               |.|._..|.|..|-|-..{..-|--.-..|.|      #
               |.|....|.|..|..|.....|..|)----.|      ##    ----------
               |.|-----.|..|..|.....|..|......|       ###  |........|
               ..|...|..|------|-...|-----|--.|         ###-........|
               |.|...+..|     ..|...|..| ...|.|            |........|
               |.|...|..+    ...|...|..|....|.|            |..<.....|
               +.-----..---------...-|-------.|            ----------
               |..............................|
               --------------------------------

Atomicjoy the Conjurer    St:9 Dx:11 Co:14 In:19 Wi:11 Ch:14  Chaotic
Dlvl:7  $:81 HP:29(29) Pw:20(20) AC:6  Xp:3/49 T:3894  Burdened

Latest messages:
 The large cat misses the watchman.
 The large cat bites the watchman.
 The watchman thrusts his spear at the large cat.
 The watchman hits the large cat.
 The large cat misses the watchman.
 The large cat misses the watchman.
 The large cat misses the watchman.
 The large cat bites it.
 You hear some noises in the distance.
 A dog suddenly appears close by!
 You hear some noises in the distance.
 You hear a door open.
 You hear some noises in the distance.
 The large cat bites the gnome.
 The gnome is killed!
 What do you want to throw? [$q or ?*] *
 In what direction? 2
 The dog seems more amiable.
 The slime mold misses the dog.
 The large cat bites the dog.
 The dog bites the large cat.
 The large cat picks up a spear.
 The large cat bites the dog.
 The dog misses the large cat.
 You see here an uncursed slime mold.
 The large cat misses the dog.
 You have a little trouble lifting z - an uncursed slime mold (2 in total).
 The large cat bites the dog.
 The large cat drops a spear.
 You hear some noises.
 The large cat bites the water nymph.
 Your large cat eats a water nymph corpse.
 You swap places with your large cat.
 There are several objects here.
 You learn more about your items by comparing them.
 You have a little trouble lifting x - an uncursed puce potion (3 in total).
 u - a lock pick.
 You swap places with your large cat.
 You swap places with your large cat.
 You swap places with your large cat.
 You swap places with your large cat.
 In what direction? 6
 The door closes.
 You hear someone cursing shoplifters.
 You hear some noises.
 The water nymph opens a door.
 The beautiful water nymph seduces you and you take off your cloak.
 She stole an uncursed +0 cloak of magic resistance.
 Really quit without saving? [yn] (n) y
 Do you want your possessions identified? [ynq] (y) q

Inventory:
 Coins    ('$')
  $ - 81 gold pieces
 Amulets  ('"')
  s - an uncursed amulet versus poison
 Weapons  (')')
  q - 17 +0 darts
  a - a blessed +1 quarterstaff (weapon in hands)
 Armor    ('[')
  C - an uncursed +0 helm of telepathy (being worn)
  X - an uncursed +0 studded leather armor (being worn)
 Comestibles  ('%')
  z - 2 uncursed slime molds
  E - an uncursed food ration
  I - an uncursed egg
 Scrolls  ('?')
  G - an uncursed scroll of charging
  D - an uncursed scroll of enchant weapon
  j - 2 uncursed scrolls of identify
  i - a blessed scroll of teleportation
 Spellbooks  ('+')
  k - a blessed spellbook of force bolt
  l - an uncursed spellbook of haste self
  H - an uncursed spellbook of haste self
 Potions  ('!')
  g - an uncursed potion of booze
  Q - an uncursed potion of fruit juice
  p - 6 uncursed potions of healing
  t - a cursed potion of healing
  x - 3 uncursed potions of object detection
  f - 2 uncursed potions of oil
  h - an uncursed potion of see invisible
 Rings    ('=')
  d - an uncursed ring of free action
  e - an uncursed ring of regeneration
 Wands    ('/')
  r - a wand of cancellation (0:6)
  J - a wand of fire (0:7)
  F - a wand of polymorph (0:4)
  c - a wand of speed monster (0:4)
  T - a wand of striking (0:4)
 Tools    ('(')
  n - an uncursed bell
  u - an uncursed lock pick
  m - a magic marker (0:21)
 Gems/Stones  ('*')
  P - an uncursed touchstone

Atomicjoy the Wizard's attributes:

Background:
 You were a Conjurer, a level 3 male elven Wizard.
 You were chaotic, on a mission for Anhur
 who was opposed by Ptah (lawful) and Thoth (neutral).
 You were right-handed.
 You were in the Gnomish Mines, on level 7.
 You entered the dungeon 3894 turns ago.
 You had 49 experience points, 31 more were needed to attain level 4.

Basics:
 You had all 29 hit points.
 You had all 20 energy points (spell power).
 Your armor class was 6.
 Your wallet contained 81 zorkmids.
 Autopickup was off.

Final Characteristics:
 Your strength was 9 (limit:18).
 Your dexterity was 11 (peak:12, limit:18).
 Your constitution was 14 (limit:16).
 Your intelligence was 19 (limit:20).
 Your wisdom was 11 (limit:20).
 Your charisma was 14 (limit:18).

Final Status:
 You weren't hungry.
 You were burdened; movement was slightly slowed.
 You were wielding a quarterstaff.
 You had basic skill with quarterstaff.

Final Attributes:
 You were piously aligned.
 You were telepathic.
 You had infravision.
 You were warded.
 You survived.

Miscellaneous:
 You didn't encounter any bones levels.
 Total elapsed playing time was 42 minutes and 6 seconds.

Major events:
 Turn
    1: Atomicjoy the chaotic male elven Wizard entered the dungeon
 1329: entered the Gnomish Mines
 2791: attained the rank of Conjurer (level 3)
 3513: reached Mine Town
 3894: quit

Spells:
 Name                 Level Category     Fail Retention
 force bolt             1   attack         0%   81%-90%
 haste self             3   escape        81%  76%-100%

Skills:
 Fighting Skills
   bare handed combat [Unskilled]
   riding             [Unskilled]
 Weapon Skills
   dagger             [Unskilled]
   knife              [Unskilled]
   axe                [Unskilled]
   short sword        [Unskilled]
   club               [Unskilled]
   mace               [Unskilled]
   quarterstaff       [Basic]
   polearms           [Unskilled]
   spear              [Unskilled]
   trident            [Unskilled]
   sling              [Unskilled]
   dart               [Unskilled]
   shuriken           [Unskilled]
 Spellcasting Skills
   attack spells      [Basic]
   healing spells     [Unskilled]
   divination spells  [Unskilled]
   enchantment spells [Basic]
   clerical spells    [Unskilled]
   escape spells      [Unskilled]
   matter spells      [Unskilled]

Voluntary challenges:
 Character rerolling was not enabled.
 You were illiterate.
 You never genocided any monsters.
 You never polymorphed an object.
 You never changed form.
 You used no wishes.
Achievements:
 You entered the Gnomish Mines.
 You attained the rank of Conjurer.
 You entered Minetown.
 You entered a temple.
 You entered a shop.

 The Dungeons of Doom: levels 1 to 6
    Level 1:
       Many fountains, a sink.
    Level 2:
       A fountain.
    Level 3:
    Level 4:
       A grave.
       Stairs down to The Gnomish Mines.
    Level 5:
       A fountain.
    Level 6:
 The Gnomish Mines: levels 5 to 7
    Level 5:
    Level 6:
    Level 7: <- You were here.
       A lighting shop, a temple and an altar, some fountains, a sink.


Vanquished creatures:
  2 watchmen
  a water nymph
  a shrieker
  5 gnome leaders
  2 gnomish wizards
  a giant ant
  a floating eye
  5 dwarves
  a kobold leader
  a giant bat
  2 monkeys
 an orc zombie
 an iguana
  2 acid blobs
  4 coyotes
  a gas spore
  a hobbit
  a giant rat
  a cave spider
  2 yellow molds
  a red mold
 24 gnomes
  3 garter snakes
  2 gnome zombies
  6 geckos
  7 jackals
  2 foxes
  a kobold
  3 goblins
  4 grid bugs
  a lichen
  3 kobold zombies
  8 newts
101 creatures vanquished.

No species were genocided or became extinct.

Goodbye Atomicjoy the Wizard...

You quit in The Gnomish Mines on dungeon level 7 with 577 points,
and 81 pieces of gold, after 3894 moves.
You were level 3 with a maximum of 29 hit points when you quit.

